 Dungeon Crawl Stone Soup version 0.27.1-1-g398f81649c (webtiles) character file.

Game seed: 11049433753721344763

41 greenlake the Shield-Bearer (level 3, -8/35 HPs)
             Began as a Gnoll Fighter on Sept 14, 2021.
             Mangled by a wight (13 damage)
             ... on level 4 of the Dungeon.
             The game lasted 00:02:44 (1516 turns).

greenlake the Shield-Bearer (Gnoll Fighter)         Turns: 1516, Time: 00:02:45

Health: -8/35      AC: 12    Str: 15    XL:     3   Next: 52%
Magic:  4/4        EV:  7    Int:  8    God:
Gold:   80         SH: 10    Dex: 11    Spells: 3/3 levels left

rFire    . . .     SeeInvis .   a - +0 war axe
rCold    . . .     Faith    .   c - +0 kite shield
rNeg     . . .     Spirit   .   b - +0 scale mail
rPois    .         Reflect  .   (no helmet)
rElec    .         Harm     .   k - +2 cloak
rCorr    .         Rampage  .   i - +0 pair of gloves
Will     .....                  (no boots)
Stlth    ..........             (no amulet)
HPRegen  0.11/turn              (no ring)
MPRegen  0.09/turn              (no ring)

@: no status effects
A: fangs 1, strong nose, distributed training
a: no special abilities


You were on level 4 of the Dungeon.
You visited 1 branch of the dungeon, and saw 3 of its levels.

You collected 80 gold pieces.

Inventory:

Hand Weapons
 a - a +0 war axe (weapon)
Missiles
 f - 17 poisoned darts (quivered)
Armour
 b - a +0 scale mail (worn)
 c - a +0 kite shield (worn)
 i - a +0 pair of gloves (worn)
 k - a +2 cloak (worn)
Jewellery
 g - a ring of fire
Scrolls
 e - a scroll of enchant weapon {unknown}
 j - a scroll of torment {unknown}
 l - 2 scrolls of amnesia {unknown}
 m - 2 scrolls of identify {unknown}
Potions
 d - 2 potions of might
 h - a potion of mutation {unknown}


   Skills:
 + Level 6.5 Fighting
 + Level 0.8 Short Blades
 + Level 0.8 Long Blades
 + Level 4.5 Axes
 + Level 0.8 Maces & Flails
 + Level 0.8 Polearms
 + Level 0.8 Staves
 + Level 0.8 Slings
 + Level 0.8 Bows
 + Level 0.8 Crossbows
 + Level 0.8 Throwing
 + Level 6.5 Armour
 + Level 0.8 Dodging
 + Level 0.8 Stealth
 + Level 6.5 Shields
 + Level 0.8 Unarmed Combat
 + Level 0.8 Spellcasting
 + Level 0.5 Conjurations
 + Level 0.5 Hexes
 + Level 0.5 Summonings
 + Level 0.5 Necromancy
 + Level 0.5 Translocations
 + Level 0.5 Transmutations
 + Level 0.5 Fire Magic
 + Level 0.5 Ice Magic
 + Level 0.5 Air Magic
 + Level 0.5 Earth Magic
 + Level 0.5 Poison Magic
 + Level 1.0 Invocations
 + Level 0.8 Evocations


You had 3 spell levels left.
You didn't know any spells.
Your spell library contained the following spells:

 Spells                   Type           Power      Damage    Failure   Level
 Sublimation of Blood     Necr           0%         N/A       99%         2
 Conjure Flame            Conj/Fire      1%         6-21      100%        3
 Ignite Poison            Fire/Tmut/Pois 1%         N/A       100%        3
 Petrify                  Tmut/Erth      1%         N/A       100%        4
 Sticky Flame             Conj/Fire      1%         2d3       100%        4
 Irradiate                Conj/Tmut      0%         3d14      100%        5


Dungeon Overview and Level Annotations

Branches:
Dungeon (2/15)

Altars:


Innate Abilities, Weirdness & Mutations

You have very sharp teeth.
Your uncanny sense of smell can sniff out nearby items.
Your experience applies equally to all skills.


Message History

The wight hits you with a +0 great sword.
You block the wight's attack. You block the adder's attack.
You block the wight's attack. The wight hits you with a +4 hand axe!
You miss the adder.
The adder is lightly wounded.
You hit the wight.
Your shield and scale mail prevent you from hitting the wight.
The adder bites you but does no damage. You block the wight's attack.
The adder bites you but does no damage. You block the wight's attack. x2
You barely miss the adder. You bite the adder.
The adder is moderately wounded.
You hit the wight but do no damage. You hit the wight.
You closely miss the wight. The adder bites you but does no damage.
You block the wight's attack. The wight barely misses you.
You block the wight's attack. The adder bites you but does no damage.
The wight barely misses you.
The wight hits you with a +0 short sword.
The wight hits you with a +4 hand axe.
Your scale mail prevents you from hitting the adder.
The adder is moderately wounded.
You hit the wight. You hit the wight but do no damage. x2
The adder bites you but does no damage. The wight barely misses you.
You block the wight's attack. The wight hits you with a +4 hand axe!
* * * LOW HITPOINT WARNING * * *
The adder barely misses you.
Unknown command.
Your shield and scale mail prevent you from hitting the adder.
The adder is moderately wounded.
You hit the wight but do no damage. You closely miss the wight.
You hit the wight. The adder bites you but does no damage.
You block the wight's attack. The wight hits you but does no damage.
The wight barely misses you. You block the adder's attack.
The wight barely misses you.
You closely miss the adder.
The adder is lightly wounded.
You hit the wight. You hit the wight but do no damage.
You closely miss the wight. You block the wight's attack. x2
The adder barely misses you.
The wight hits you with a +0 great sword!
You die...

z# #............#.# .#
##.#.........#.# .#
#.#########.... .# ##+##
###.# z### ##...## # .#
...# ##.....## .##.#
#..# ##.......## .....
...####........z##...>.#
......'........z@S......
...####........z###....#
#..# ##.......## .##
#.## ##.....## #.#
##...## #.# ##+## #.


You could see 3 wights and an adder.

Vanquished Creatures
  An adder (D:2)
  An adder skeleton (D:2)
  A dart slug (D:1)
  An orc (D:4)
  A bat (D:1)
  2 endoplasms
  5 goblins
  3 hobgoblins
  5 ball pythons
  3 frilled lizards (D:1)
  A kobold (D:2)
  3 rats (D:1)
27 creatures vanquished.

Notes
Turn   | Place    | Note
-------+----------+-------------------------------------------
     0 | D:1      | greenlake the Gnoll Fighter began the quest for the Orb.
     0 | D:1      | Reached XP level 1. HP: 23/23 MP: 1/1
   237 | D:1      | Reached XP level 2. HP: 29/29 MP: 2/2
  1114 | D:2      | Reached XP level 3. HP: 23/35 MP: 2/4
  1339 | D:2      | You fall into a shaft and drop 2 floors!
  1378 | D:4      | Reached skill level 1 in Invocations
  1516 | D:4      | Mangled by a wight

Illustrated notes

Levels and vault maps discovered:
D:1:      onia_arrival_handbag, layout_basic
D:2:      layout_basic, st_stairs_5, minmay_statues_item, uniq_natasha
D:4:      layout_loops_corners, lemuel_crystal_altar, temple_statues

Skill      XL: |  1  2  3 |
---------------+----------+-----
Invocations    | 1 |  1.0
Fighting       | |  6.5
Short Blades   | |  0.8
Long Blades    | |  0.8
Axes           | |  4.5
Maces & Flails | |  0.8
Polearms       | |  0.8
Staves         | |  0.8
Slings         | |  0.8
Bows           | |  0.8
Crossbows      | |  0.8
Throwing       | |  0.8
Armour         | |  6.5
Dodging        | |  0.8
Stealth        | |  0.8
Shields        | |  6.5
Unarmed Combat | |  0.8
Spellcasting   | |  0.8
Conjurations   | |  0.5
Hexes          | |  0.5
Summonings     | |  0.5
Necromancy     | |  0.5
Translocations | |  0.5
Transmutations | |  0.5
Fire Magic     | |  0.5
Ice Magic      | |  0.5
Air Magic      | |  0.5
Earth Magic    | |  0.5
Poison Magic   | |  0.5
Evocations     | |  0.8

Action                   || total
-------------------------++-------
Melee: War axe           ||    81
       Bite              ||     5
Armor: Scale mail        ||    38
Dodge: Dodged            ||    23
Block: Kite shield       ||    58
